 Dungeon Crawl Stone Soup version 0.26-a0-30-g56b8cd3df0 (webtiles) character file.

Game seed: 7218252772008419332, levelgen mode: deterministic

394216 droganthewolf the Slayer (level 23, -8/160 HPs)
             Began as a Gargoyle Fighter on June 4, 2020.
             Was the Champion of the Shining One.
             Killed by divine providence
             ... invoked by a greater mummy
              (10 damage)
             ... on level 1 of the Tomb of the Ancients.
             The game lasted 03:45:58 (58739 turns).

droganthewolf the Slayer (Gargoyle Fighter)        Turns: 58739, Time: 03:45:59

Health: -8/160     AC: 50    Str: 28    XL:     23   Next: 16%
Magic:  36/36      EV:  7    Int: 11    God:    the Shining One [******]
Gold:   4944       SH: 31    Dex:  9    Spells: 19/22 levels left

rFire    . . .     SeeInvis .   K - +7 sacred scourge (holy)
rCold    + . .     Gourm    .   V - +2 tower shield
rNeg     + + +     Faith    .   P - +3 plate armour {rC+}
rPois    ∞         Spirit   .   y - +1 helmet
rElec    +         Reflect  +   R - +2 cloak {rCorr}
rCorr    +         Harm     .   w - +0 pair of gloves
MR       ++...                  b - +1 pair of boots {run}
Stlth    ..........             D - amulet of reflection
HPRegen  0.36/turn              X - +4 ring of slaying
MPRegen  0.25/turn              C - ring of protection from magic

@: slowed, glowing, very slow
A: big wings, camouflage 1, blink, mutation resistance 1, negative energy
resistance 1, electricity resistance, unbreathing, petrification resistance, rot
immunity, AC +17
}: 2/15 runes: barnacled, gossamer
a: Fly, Blink, Divine Shield, Cleansing Flame, Summon Divine Warrior, Renounce
Religion


You were on level 1 of the Tomb of the Ancients.
You worshipped the Shining One.
The Shining One was exalted by your worship.
You were not hungry.

You visited 10 branches of the dungeon, and saw 42 of its levels.
You visited the Abyss 1 time.
You also visited: Trove, Sewer, Ossuary, Ice Cave and Wizlab.

You collected 6478 gold pieces.
You spent 1534 gold pieces at shops.

Inventory:

Hand Weapons
 K - a +7 sacred scourge of holy wrath (weapon)
Missiles
 p - 85 poisoned darts (quivered)
Armour
 b - a +1 pair of boots of running (worn)
 w - a +0 pair of gloves (worn)
 y - a +1 helmet (worn)
 P - a +3 plate armour of cold resistance (worn)
 R - a +2 cloak of preservation (worn)
 V - a +2 tower shield (worn)
Jewellery
 x - an uncursed ring of protection from fire
 C - a ring of protection from magic (right hand)
 D - an amulet of reflection (around neck)
 X - a +4 ring of slaying (left hand)
Wands
 c - a wand of iceblast (19)
 h - a wand of polymorph (42)
 o - a wand of enslavement (10)
 q - a wand of acid (16)
 v - a wand of flame (59)
 F - a wand of disintegration (29)
 G - a wand of paralysis (12)
Scrolls
 a - 10 scrolls of amnesia
 d - 7 scrolls of silence
 e - 5 scrolls of immolation
 g - 10 scrolls of enchant armour
 i - a scroll of magic mapping
 j - 21 scrolls of teleportation
 l - 21 scrolls of remove curse
 r - 11 scrolls of identify
 s - 10 scrolls of fear
 t - 7 scrolls of enchant weapon
 z - a scroll of blinking
 B - 6 scrolls of fog
 Q - 3 scrolls of holy word
 T - 2 scrolls of summoning
Potions
 k - 16 potions of brilliance
 m - 25 potions of curing
 n - 3 potions of resistance
 A - 9 potions of stabbing
 E - 2 potions of ambrosia
 H - 7 potions of magic
 I - a potion of berserk rage
 J - 7 potions of lignification
 L - a potion of haste
 S - 4 potions of cancellation
 W - 7 potions of might
Miscellaneous
 u - 2 phantom mirrors
Comestibles
 f - 54 rations


   Skills:
 * Level 21.6 Fighting
 - Level 16.0 Maces & Flails
 + Level 18.1 Armour
 + Level 20.3 Shields
 + Level 14.2 Translocations
 - Level 18.9 Invocations


You had 19 spell levels left.
You knew the following spells:

 Your Spells              Type           Power        Failure   Level  Hunger
a - Blink                 Tloc           N/A          1%          2    ###....
b - Apportation           Tloc           ####..       1%          1    ##.....

Your spell library contained the following spells:

 Spells                   Type           Power        Failure   Level  Hunger
 Gell's Gravitas          Tloc           ####......   2%          3    ####...
 Lesser Beckoning         Tloc           ####......   2%          3    ####...
 Portal Projectile        Hex/Tloc       ###...       45%         3    ####...
 Iskenderun's Mystic Bla  Conj/Tloc      ###.....     86%         4    #####..
 Animate Skeleton         Necr           N/A          97%         1    ##.....
 Corona                   Hex            #......      97%         1    ##.....
 Foxfire                  Conj/Fire      #...         97%         1    ##.....
 Magic Dart               Conj           #...         97%         1    ##.....
 Pain                     Necr           #...         97%         1    ##.....
 Shock                    Conj/Air       #...         97%         1    ##.....
 Sting                    Tmut/Pois      #...         97%         1    ##.....
 Summon Small Mammal      Summ           #...         97%         1    ##.....
 Call Imp                 Summ           #.......     99%         2    ###....
 Corpse Rot               Necr/Air       N/A          99%         2    ###....
 Ensorcelled Hibernation  Hex/Ice        #.....       99%         2    ###....
 Poisonous Vapours        Pois/Air       #.....       99%         2    ###....
 Slow                     Hex            #.......     99%         2    ###....
 Swiftness                Chrm/Air       #.......     99%         2    ###....
 Conjure Flame            Conj/Fire      #.......     100%        3    ####...
 Ignite Poison            Fire/Tmut/Pois #.......     100%        3    ####...
 Inner Flame              Hex/Fire       #.......     100%        3    ####...
 Mephitic Cloud           Conj/Pois/Air  #.......     100%        3    ####...
 Ozocubu's Armour         Chrm/Ice       #.......     100%        3    ####...
 Stone Arrow              Conj/Erth      #.....       100%        3    ####...
 Summon Guardian Golem    Hex/Summ       #.......     100%        3    ####...
 Vampiric Draining        Necr           #.........   100%        3    ####...
 Airstrike                Air            #.........   100%        4    #####..
 Animate Dead             Necr           N/A          100%        4    #####..
 Cause Fear               Hex            #.........   100%        4    #####..
 Dispel Undead            Necr           #.......     100%        4    #####..
 Hailstorm                Conj/Ice       #.......     100%        4    #####..
 Ice Form                 Ice/Tmut       #.......     100%        4    #####..
 Leda's Liquefaction      Hex/Erth       #.........   100%        4    #####..
 Olgreb's Toxic Radiance  Pois           #.......     100%        4    #####..
 Sticky Flame             Conj/Fire      #.......     100%        4    #####..
 Summon Ice Beast         Ice/Summ       #.......     100%        4    #####..
 Summon Lightning Spire   Summ/Air       #.......     100%        4    #####..
 Agony                    Necr           #.......     100%        5    ######.
 Alistair's Intoxication  Tmut/Pois      #.......     100%        5    ######.
 Bolt of Magma            Conj/Fire/Erth #.........   100%        5    ######.
 Fireball                 Conj/Fire      #.........   100%        5    ######.
 Irradiate                Conj/Tmut      #.........   100%        5    ######.
 Iskenderun's Battlesphe  Conj/Chrm      #.......     100%        5    ######.
 Metabolic Englaciation   Hex/Ice        #.........   100%        5    ######.
 Silence                  Hex/Air        #.........   100%        5    ######.
 Yara's Violent Unravell  Hex/Tmut       #.........   100%        5    ######.
 Conjure Ball Lightning   Conj/Air       #.........   100%        6    #######
 Death Channel            Necr           #.........   100%        6    #######
 Freezing Cloud           Conj/Ice/Air   #.........   100%        6    #######
 Hydra Form               Tmut           #.........   100%        6    #######
 Ozocubu's Refrigeration  Ice            #.........   100%        6    #######
 Simulacrum               Ice/Necr       #.........   100%        6    #######
 Starburst                Conj/Fire      #.........   100%        6    #######
 Dragon Form              Tmut           #.........   100%        7    #######
 Haunt                    Necr/Summ      #.........   100%        7    #######
 Ring of Flames           Chrm/Fire      #.........   100%        7    #######
 Borgnjor's Revivificati  Necr           #.........   100%        8    #######
 Death's Door             Chrm/Necr      #.........   100%        8    #######
 Discord                  Hex            #.........   100%        8    #######
 Ignition                 Fire           #.........   100%        8    #######
 Infestation              Necr           #.........   100%        8    #######
 Necromutation            Tmut/Necr      #.........   100%        8    #######
 Sublimation of Blood     Necr           Unusable     N/A         2    N/A
 Statue Form              Tmut/Erth      Unusable     N/A         6    N/A

Dungeon Overview and Level Annotations

Branches:
Dungeon (15/15)            Temple (1/1) D:7            Lair (6/6) D:9
 Shoals (4/4) Lair:3       Spider (4/4) Lair:2        Slime (0/5) Lair:6
    Orc (2/2) D:10            Elf (3/3) Orc:2        Vaults (3/5) D:14
  Crypt (3/3) Vaults:2       Tomb (1/3) Crypt:3      Depths (0/5) D:15
  Sewer (visited)         Ossuary (visited)           IceCv (visited)
 WizLab (visited)

Altars:
Ashenzari
Cheibriados
Dithmenos
Elyvilon
Fedhas
Gozag
Hepliaklqana
Kikubaaqudgha
Makhleb
Nemelex Xobeh
Okawaru
Qazlal
Ru
Sif Muna
Trog
Uskayaw
Vehumet
Wu Jian
Xom
Yredelemnul
Zin
The Shining One
Jiyva

Shops:
D:9 ?   D:10 *   D:12 [   D:14 [   D:15 (}:*   Orc:1 (   Orc:2 *((=   Elf:1 *
Elf:2 (   Elf:3 [


Innate Abilities, Weirdness & Mutations

You are resistant to torment.
Your stone body is resilient. (AC +17)
You are immune to poison.
Your large and strong wings let you fly indefinitely.
You resist negative energy. (rN+)
You are resistant to electric shocks. (rElec)
You can survive without breathing.
You are immune to petrification.
You are immune to rotting.
Your skin changes colour to match your surroundings (Stealth+).
You can translocate small distances at will.
You are somewhat resistant to further mutation.


Message History

The greater mummy points at you and mumbles some strange words.
Something smites you!
* * * LOW HITPOINT WARNING * * *
You hit the greater mummy.
The greater mummy convulses.
The greater mummy is heavily damaged.
A mummy priest opens the large door.
The greater mummy hits you!
* * * LOW HITPOINT WARNING * * *
You thrash the greater mummy!!
The greater mummy convulses!
The greater mummy is severely damaged.
You hit the greater mummy.
The greater mummy convulses.
The greater mummy is severely damaged.
The greater mummy gestures at you while chanting.
Something smites you!
* * * LOW HITPOINT WARNING * * *
The mummy priest prays to its god.
You thrash the greater mummy!!
The greater mummy convulses!!
The greater mummy is almost destroyed.
The greater mummy gestures at you while chanting.
Something smites you!
You die...

....8...8..
#...
.....$......
#...
###...#########
#... #...
....... #...
..ZW. #... ..MW
#... #''# #...
#z.# #... #M@#
#... #.(# #...
#### #... #...
#... #... #...
#... #...


You could see a greater mummy, a mummy priest, 2 phantasmal warriors, a spectral
fire dragon (summoned) and a flying skull (summoned).

Vanquished Creatures
  A greater mummy (Tomb:1)
  Xtahua (Crypt:2)
  Saint Roka (Elf:3)
  Margery (Crypt:3)
  Nikola (Shoals:3)
  Jory (Crypt:3)
  A profane servitor (Crypt:3)
  A lich (Crypt:3)
  A bone dragon (Crypt:3)
  2 deep elf blademasters (Elf:3)
  The ghost of Wus Hus the Nimble, an adept GnGl of Makhleb (Vaults:1)
  7 sphinxes
  3 krakens
  A tentacled starspawn (Abyss:2)
  3 deep elf master archers (Elf:3)
  The ghost of Esekla the Thaumaturge, an adept DsWn of Vehumet (Shoals:3)
  2 ancient champions
  Kirke (Lair:5)
  Agnes (D:15)
  Roxanne (Spider:3)
  2 revenants
  4 ghost moths
  3 emperor scorpions (Spider:4)
  6 deep elf sorcerers
  8 vault wardens
  Louise (Shoals:3)
  4 ironheart preservers
  8 deep elf elementalists
  3 ghouls
  2 very ugly things (D:12)
  A stone giant (Vaults:2)
  An angel (Abyss:2)
  A war gargoyle (D:13)
  8 vampire knights
  2 entropy weavers
  2 deep elf demonologists
  The ghost of Qeorph the Fighter, a journeyman FoAK of Lugonu (Lair:5)
  2 spark wasps (Spider:4)
  Azrael (Elf:2)
  6 deep elf annihilators
  10 purple draconians (WizLab)
  An ettin (D:15)
  3 eidola
  9 deep elf death magi
  3 merfolk javelineers (Shoals:4)
  The ghost of Lugonue the Severer, a journeyman HOFi of Cheibriados (D:12)
  9 statues (WizLab)
  2 mummy priests (Tomb:1)
  2 fire dragons
  6 merfolk impalers
  2 deep elf high priests (Elf:3)
  Josephine (D:10)
  7 ogre magi
  18 jiangshi
  4 yaktaur captains (Vaults:1)
  A great orb of eyes (Vaults:2)
  9 hydras
  An ice dragon (Vaults:2)
  A vault guard (Vaults:2)
  A catoblepas (Lair:6)
  3 merfolk avatars
  9 centaur warriors
  A queen ant (Lair:2)
  4 merfolk aquamancers
  2 satyrs
  17 two-headed ogres
  23 dancing weapons
  3 death knights (Crypt:3)
  2 tengu warriors (D:15)
  A deep troll shaman (Lair:6)
  12 death yaks
  4 vampire magi
  Urug (D:10)
  13 deep elf knights
  A titan skeleton (Crypt:2)
  Nergalle (Lair:3)
  A spatial maelstrom (Abyss:2)
  21 skeletal warriors
  A wretched star (Abyss:2)
  A shadow wraith (Crypt:3)
  An iron giant zombie (Crypt:2)
  5 hell knights (Crypt:3)
  13 sea snakes
  A quicksilver dragon simulacrum (Crypt:3)
  3 deep trolls
  4 wizards
  7 unseen horrors
  2 flayed ghosts (Crypt:3)
  7 orc knights
  A shadow dragon zombie (Crypt:1)
  11 deep elf archers
  8 ironbrand convokers
  A glowing orange brain (D:12)
  57 deep elf magi
  5 phantasmal warriors
  A lindwurm (Lair:6)
  A shadow demon (Abyss:2)
  2 harpies (shapeshifter)
  An iron giant skeleton (Crypt:2)
  12 harpies
  14 fauns
  5 necromancers
  9 cyclopes
  A spectral ettin (Crypt:3)
  16 orb spiders
  22 wolf spiders
  A faun (shapeshifter) (Vaults:1)
  6 elephants (Lair:6)
  2 orc sorcerers (Orc:2)
  12 manticores
  23 ugly things
  A black mamba (shapeshifter) (D:12)
  An eye of devastation (shapeshifter) (D:15)
  4 moths of wrath
  9 merfolk sirens
  2 torpor snails
  4 black mambas
  Joseph (D:7)
  2 smoke demons (Abyss:2)
  Psyche (D:12)
  2 vault sentinels
  7 spiny frogs
  A torpor snail (shapeshifter) (D:12)
  2 water nymphs
  15 demonic crawlers
  5 gargoyles
  3 rime drakes
  3 komodo dragons
  A yaktaur (shapeshifter) (D:15)
  16 yaktaurs
  6 freezing wraiths
  2 guardian mummies (Tomb:1)
  A tengu conjurer (D:15)
  27 jumping spiders
  A polar bear (Lair:6)
  A queen bee (D:10)
  2 queen bees (shapeshifter) (D:12)
  15 trolls
  34 merfolk
  2 meliai (shapeshifter)
  15 hornets
  10 wind drakes
  A hydra skeleton (Crypt:2)
  A large abomination (Crypt:3)
  A slime creature (Vaults:1)
  7 snapping turtles
  9 blink frogs
  13 hippogriffs
  A slime creature (shapeshifter) (D:13)
  A raiju (shapeshifter) (D:14)
  2 ettin skeletons
  An ice dragon zombie (Crypt:2)
  5 dream sheep
  A hippogriff (shapeshifter) (Vaults:2)
  2 centaur simulacra
  2 air elementals (Elf:2)
  17 water elementals
  A human simulacrum (Vaults:1)
  A spriggan (Lair:3)
  4 shadows
  54 flying skulls
  61 redbacks
  A fire dragon skeleton (Tomb:1)
  31 tarantellas
  31 yaks
  6 ushabtiu (Tomb:1)
  8 wyverns
  15 wraiths
  7 fire elementals
  A hog (Lair:6)
  A tyrant leech zombie (Crypt:1)
  2 basilisks
  3 hungry ghosts
  3 neqoxecs
  2 steam dragons (Shoals:2)
  6 vampire mosquitoes
  Menkaure (D:6)
  3 harpy simulacra (IceCv)
  5 wargs
  Edmund (D:6)
  A spiny frog zombie (Crypt:2)
  A merfolk zombie (Crypt:1)
  7 soldier ants
  9 water moccasins
  2 acid dragons
  7 porcupines
  4 hell hounds (Elf:2)
  A merfolk skeleton (Crypt:1)
  A swamp drake (Orc:1)
  10 ice beasts
  4 black bears
  17 orc warriors
  An eye of draining (shapeshifter) (D:12)
  A sky beast (D:10)
  An ice dragon simulacrum (Crypt:2)
  5 small abominations
  A snapping turtle zombie (Crypt:1)
  A swamp dragon zombie (Crypt:2)
  17 necrophages
  34 ogres
  2 phantoms
  10 wolves
  9 centaurs
  A boggart (Vaults:2)
  An elephant skeleton (Crypt:1)
  7 crocodiles
  Blork the orc (D:6)
  4 elf zombies
  3 big kobolds (Sewer)
  13 bullfrogs
  A gnoll sergeant (D:12)
  5 earth elementals
  A komodo dragon skeleton (Crypt:2)
  4 scorpions
  A wyvern skeleton (D:8)
  16 killer bees
  A troll zombie (Crypt:1)
  14 wights
  4 electric eels
  9 crimson imps
  An elf simulacrum (Crypt:1)
  2 bullfrog zombies
  2 hounds
  8 centaur zombies
  6 jellies
  5 orc priests
  A demonspawn zombie (Crypt:2)
  6 human zombies
  2 iron imps
  22 orc wizards
  2 bullfrog skeletons
  5 centaur skeletons
  5 iguanas
  Terence (D:3)
  A hell rat (D:9)
  28 worker ants
  A killer bee zombie (D:10)
  A hound zombie (D:10)
  A felid skeleton (Crypt:1)
  A hound skeleton (D:4)
  11 mummies
  2 howler monkey zombies
  3 worker ant zombies
  7 gnolls
  11 adders
  12 river rats
  4 shadow imps
  A swamp drake skeleton (Crypt:1)
  A white imp (Orc:1)
  2 oozes (Sewer)
  A halfling skeleton (Crypt:1)
  2 adder skeletons
  3 adder zombies
  4 worms
  4 dart slugs
  5 leopard geckos
  60 orcs
  9 bats
  4 giant cockroaches
  10 goblins (D:1)
  3 hobgoblins
  3 jackals
  3 quokkas (D:9)
  6 ball pythons
  A dart slug zombie (Crypt:2)
  7 frilled lizards
  A frilled lizard skeleton (Crypt:1)
  A goblin zombie (Ossuary)
  8 hobgoblin zombies (Ossuary)
  2 jackal skeletons
  2 jackal zombies (Ossuary)
  23 kobolds
  10 kobold zombies (Ossuary)
  A leopard gecko zombie (D:6)
  7 orc zombies (Ossuary)
  A quokka zombie (D:7)
  21 rats
  A plant (Lair:6)
  5 tentacles (Shoals:1)
1667 creatures vanquished.

Vanquished Creatures (collateral kills)
  2 deep elf blademasters
  A deep elf sorcerer (Elf:3)
  A frost giant (D:13)
  2 purple draconians (WizLab)
  A mummy priest (Tomb:1)
  3 dancing weapons (Elf:2)
  3 deep elf knights (Elf:2)
  3 deep elf archers (Elf:2)
  9 deep elf magi
  An oklob plant (Lair:5)
  A manticore (Shoals:2)
  A merfolk siren (Shoals:2)
  A wind drake (Shoals:2)
  A hippogriff (Shoals:2)
  A hydra simulacrum (IceCv)
  An earth elemental (Elf:2)
  5 tentacles (Shoals:4)
37 creatures vanquished.

Vanquished Creatures (others)
  A deep elf archer (Elf:2)
  3 deep elf magi
  A wind drake (Shoals:1)
  A flying skull (Crypt:3)
  2 water elementals (Elf:2)
  4 humans (Lair:6)
  An orc wizard (Orc:1)
  A bush (Lair:6)
  A butterfly (Lair:6)
  7 fungi
  10 plants
  2 starspawn tentacles (Abyss:2)
  74 tentacles
108 creatures vanquished.

Grand Total: 1812 creatures vanquished

Notes
Turn   | Place    | Note
-------+----------+-------------------------------------------
     0 | D:1      | droganthewolf the Gargoyle Fighter began the quest for the
                  | Orb.
     0 | D:1      | Reached XP level 1. HP: 14/14 MP: 1/1
   333 | D:1      | Reached XP level 2. HP: 16/19 MP: 2/2
   909 | D:1      | Reached XP level 3. HP: 23/23 MP: 3/3
  1604 | D:2      | Reached XP level 4. HP: 25/29 MP: 4/4
  1796 | D:2      | Reached skill level 4 in Fighting
  1980 | D:2      | Reached XP level 5. HP: 31/33 MP: 5/5
  2069 | D:2      | You fall into a shaft and drop 2 floors!
  2632 | D:3      | Found a shimmering blue altar of Sif Muna.
  2767 | D:3      | Reached XP level 6. HP: 32/39 MP: 6/6
  2968 | D:3      | Noticed Terence
  2981 | D:3      | Killed Terence
  2989 | D:3      | Found a hide-covered altar of Uskayaw.
  2992 | D:3      | Found a glowing golden altar of the Shining One.
  2995 | D:3      | Became a worshipper of the Shining One
  3306 | D:4      | Reached skill level 5 in Fighting
  3306 | D:4      | Reached skill level 5 in Armour
  3306 | D:4      | Reached skill level 5 in Shields
  3306 | D:4      | Reached XP level 7. HP: 27/44 MP: 7/7
  4192 | D:4      | Found a burning altar of Makhleb.
  4374 | D:5      | Entered Level 5 of the Dungeon
  4525 | D:5      | Noticed a soldier ant
  4555 | D:5      | Killed a soldier ant
  4555 | D:5      | Reached skill level 1 in Invocations
  4555 | D:5      | Reached XP level 8. HP: 51/51 MP: 7/9
  4861 | D:5      | Found a glowing drain.
  4861 | D:5      | Reached * piety under the Shining One
  4878 | Sewer    | Entered a sewer
  5308 | Sewer    | Reached skill level 6 in Fighting
  5308 | Sewer    | Reached skill level 5 in Maces & Flails
  5790 | D:6      | Noticed Edmund
  5812 | D:6      | Killed Edmund
  5857 | D:6      | Noticed Menkaure
  5860 | D:6      | Killed Menkaure
  5944 | D:6      | Noticed Blork the orc
  5960 | D:6      | Killed Blork the orc
  5960 | D:6      | Reached XP level 9. HP: 49/56 MP: 11/11
  6016 | D:6      | Found an ancient bone altar of Kikubaaqudgha.
  6054 | D:6      | Found an opulent altar of Gozag.
  6536 | D:7      | Found a sand-covered staircase.
  6545 | Ossuary  | Entered an ossuary
  6552 | Ossuary  | Reached ** piety under the Shining One
  6602 | Ossuary  | Reached *** piety under the Shining One
  6649 | Ossuary  | Reached **** piety under the Shining One
  6710 | Ossuary  | Reached skill level 7 in Fighting
  6858 | D:7      | Found a staircase to the Ecumenical Temple.
  6867 | Temple   | Entered the Ecumenical Temple
  7704 | D:7      | Noticed Joseph
  7722 | D:7      | Killed Joseph
  7722 | D:7      | Reached skill level 5 in Invocations
  8138 | D:7      | Reached XP level 10. HP: 64/64 MP: 13/13
  8460 | D:8      | Reached skill level 9 in Fighting
  8460 | D:8      | Reached XP level 11. HP: 71/71 MP: 13/16
  9426 | D:9      | Found Piesec's Magic Scroll Boutique.
  9449 | D:9      | Bought a scroll of blinking for 120 gold pieces
  9537 | D:9      | Noticed a death yak
  9540 | D:9      | Reached ***** piety under the Shining One
  9547 | D:9      | Noticed a death yak
  9549 | D:9      | Noticed a death yak
  9560 | D:9      | Killed a death yak
  9592 | D:9      | Killed a death yak
  9618 | D:9      | Killed a death yak
  9679 | D:9      | Found a staircase to the Lair.
 10009 | D:10     | Entered Level 10 of the Dungeon
 10136 | D:10     | Reached skill level 10 in Fighting
 10139 | D:10     | Reached skill level 10 in Shields
 10235 | D:10     | Reached skill level 10 in Maces & Flails
 10256 | D:10     | Found Hugiboel's Changing Room.
 10275 | D:10     | Bought a potion of lignification for 36 gold pieces
 10275 | D:10     | Bought a potion of mutation for 96 gold pieces
 10336 | D:10     | Reached skill level 10 in Armour
 10417 | D:10     | Found an iron altar of Okawaru.
 10464 | D:10     | Reached XP level 12. HP: 51/77 MP: 18/18
 10761 | D:10     | Reached ****** piety under the Shining One
 10852 | D:10     | Found a staircase to the Orcish Mines.
 11124 | D:11     | Noticed Josephine
 11129 | D:11     | Noticed a fire dragon
 11154 | D:10     | Killed Josephine
 11384 | D:10     | Killed a fire dragon
 11687 | D:11     | Noticed a two-headed ogre
 11711 | D:11     | Killed a two-headed ogre
 11736 | D:11     | Noticed a two-headed ogre
 11749 | D:11     | Killed a two-headed ogre
 11913 | D:11     | Reached skill level 11 in Fighting
 11978 | D:11     | Got a crude kite shield
 11990 | D:11     | Identified the +2 kite shield "Wier" {rElec} (You found it
                  | on level 11 of the Dungeon)
 12210 | D:11     | Reached XP level 13. HP: 83/84 MP: 20/20
 12393 | D:11     | Reached skill level 10 in Invocations
 12582 | D:11     | Found a portal to a secret trove of treasure.
 13273 | D:12     | Noticed Psyche
 13284 | D:12     | Killed Psyche
 13559 | D:12     | Found a runed translucent gate.
 13559 | D:12     | Found a runed translucent gate.
 13559 | D:12     | Found a runed translucent gate.
 13560 | D:12     | Noticed a brown very ugly thing
 13562 | D:12     | Noticed a green very ugly thing
 13749 | D:12     | Found Gagiat's Armour Boutique.
 14061 | D:13     | Noticed a frost giant
 14473 | D:13     | The Shining One protects you from harm!
 14477 | D:13     | Killed a frost giant
 15152 | D:13     | Reached skill level 12 in Fighting
 15213 | D:13     | You fall into a shaft and drop 1 floor!
 15560 | D:13     | Gained mutation: Your large and strong wings let you fly
                  | indefinitely. [Gargoyle growth]
 15560 | D:13     | Reached XP level 14. HP: 92/92 MP: 22/22
 15806 | D:13     | Found a large runed translucent door.
 15807 | D:13     | Found a large runed translucent door.
 15807 | D:13     | Noticed a war gargoyle
 16086 | Lair:1   | Entered Level 1 of the Lair of Beasts
 17078 | Lair:2   | Found a hole to the Spider Nest.
 17667 | Lair:2   | Got a smoking trident
 17688 | Lair:2   | You fall into a shaft and drop 2 floors!
 18790 | Lair:3   | Noticed Nergalle
 18797 | Lair:3   | Killed Nergalle
 18839 | Lair:3   | Found a staircase to the Shoals.
 20752 | Lair:5   | Found a runed translucent gate.
 20752 | Lair:5   | Found a runed translucent gate.
 20752 | Lair:5   | Noticed Qeorph's ghost (journeyman FoAK)
 20758 | Lair:5   | Reached skill level 13 in Fighting
 20760 | Lair:5   | Found a runed translucent gate.
 21486 | Lair:6   | Entered Level 6 of the Lair of Beasts
 21559 | Lair:6   | Noticed Kirke
 21622 | Lair:5   | Reached XP level 15. HP: 97/98 MP: 24/24
 21635 | Lair:5   | Killed Kirke
 22504 | Lair:6   | Found a viscous altar of Jiyva.
 22504 | Lair:6   | Found a staircase to the Slime Pits.
 22751 | Lair:6   | Identified Hywky's Grimoire of the Frigorific Volcanoes
 23105 | Orc:1    | Entered Level 1 of the Orcish Mines
 23105 | Orc:1    | Found Darepizomm's Antique Weapon Shoppe.
 23105 | Orc:1    | Noticed Urug
 23117 | D:10     | Killed Urug
 23599 | Orc:1    | Learned a level 2 spell: Blink
 23661 | Orc:2    | Entered Level 2 of the Orcish Mines
 23779 | Orc:2    | Found Tuhe's Antique Weapon Boutique.
 23779 | Orc:2    | Found a staircase to the Elven Halls.
 23779 | Orc:2    | Found Cuefooppe's Assorted Antiques.
 24057 | Orc:2    | Reached skill level 1 in Translocations
 24059 | Orc:2    | Paralysed by an ogre mage for 6 turns
 24744 | Orc:2    | Reached skill level 14 in Fighting
 24995 | Orc:2    | Found Nefiwap's Antique Weapon Shoppe.
 25008 | Orc:2    | Found Tumegh's Jewellery Shop.
 25520 | D:14     | Found a gate to the Vaults.
 25541 | D:14     | Found Rayffal's Armour Emporium.
 25549 | D:14     | Bought a +2 cloak of preservation for 344 gold pieces
 25823 | D:15     | Entered Level 15 of the Dungeon
 25932 | D:15     | Reached XP level 16. HP: 97/106 MP: 25/25
 26118 | D:15     | Noticed Agnes
 26134 | D:15     | Killed Agnes
 26247 | D:15     | Found a staircase to the Depths.
 26291 | D:15     | Found Bilobei's Antique Weapon Shoppe.
 26328 | D:15     | Found Gydupa's Gadget Boutique.
 26410 | D:15     | Found Egamarao's Assorted Antiques.
 26419 | D:15     | Bought a scroll labeled WUNIOL ORUHONI for 24 gold pieces
 26419 | D:15     | Bought a scroll of identify for 48 gold pieces
 26419 | D:15     | Identified 2 scrolls of acquirement
 26420 | D:15     | Found Teikehisk's Book Boutique.
 27366 | Spider:1 | Entered Level 1 of the Spider Nest
 28365 | Spider:1 | You fall into a shaft and drop 1 floor!
 28425 | Spider:2 | Reached skill level 15 in Fighting
 28769 | Spider:2 | Found a frozen archway.
 28777 | IceCv    | Entered an ice cave
 30198 | Spider:3 | Identified Roxanne's Collected Works on Earth
 30198 | Spider:3 | Noticed Roxanne
 30275 | Spider:3 | Reached XP level 17. HP: 113/113 MP: 27/27
 30802 | Spider:4 | Entered Level 4 of the Spider Nest
 31086 | Spider:4 | Reached skill level 5 in Translocations
 32692 | Spider:4 | Reached skill level 16 in Fighting
 33201 | Spider:4 | Got a gossamer rune of Zot
 33498 | Orc:1    | Bought a twisted mace for 208 gold pieces
 33498 | Orc:1    | Identified the +3 mace "Faqoec" {elec, +Blink rElec rC-}
                  | (You bought it in a shop on level 1 of the Orcish Mines)
 33538 | Orc:2    | Bought a glowing flail for 208 gold pieces
 33838 | D:12     | Bought a +3 plate armour of cold resistance for 450 gold
                  | pieces
 33927 | D:11     | You paid a toll of +4 fire dragon scales to enter a
                  | treasure trove
 33928 | Trove    | Entered a treasure trove
 33941 | Trove    | Identified Sif Muna's Compendium of Aerial Ignition
 33992 | Trove    | Identified Sif Muna's Disquisition on Envenoming and
                  | Sinister Rites
 33995 | Trove    | Identified Tomimp's Compendium of Dislocated Execration
 34230 | Shoals:1 | Entered Level 1 of the Shoals
 34230 | Shoals:1 | Noticed a kraken
 34935 | Shoals:1 | Reached skill level 15 in Shields
 35540 | Shoals:1 | Killed a kraken
 36301 | Shoals:2 | Reached XP level 18. HP: 121/121 MP: 28/28
 36718 | Shoals:2 | Reached skill level 15 in Armour
 37226 | Shoals:3 | Found a runed translucent door.
 37598 | Shoals:3 | Noticed Nikola
 37616 | Shoals:3 | Killed Nikola
 37760 | Shoals:3 | Noticed Louise
 37777 | Shoals:3 | Killed Louise
 38099 | Shoals:4 | Entered Level 4 of the Shoals
 38211 | Shoals:4 | HP: 5/122 [tentacle[a kraken] (9)]
 38443 | Shoals:4 | Reached skill level 15 in Invocations
 39005 | Shoals:4 | Identified the cursed +2 demon blade "Hun Lask" {drain, rC-
                  | Int+2 Dex+2}
 39055 | Shoals:4 | Reached skill level 17 in Fighting
 40600 | Shoals:4 | Got a barnacled rune of Zot
 40965 | Elf:1    | Entered Level 1 of the Elven Halls
 41014 | Elf:1    | Found an ancient bone altar of Kikubaaqudgha.
 41252 | D:12     | Found a runed translucent gate.
 41252 | D:12     | Found a runed translucent gate.
 41256 | D:12     | Noticed Lugonue's ghost (journeyman HOFi)
 41258 | D:12     | Found a runed translucent gate.
 41299 | D:12     | Killed Lugonue's ghost
 41299 | D:12     | Reached XP level 19. HP: 83/128 MP: 26/30
 41451 | D:12     | Identified a +1 pair of boots of running (You found it on
                  | level 12 of the Dungeon)
 41740 | D:13     | Found a bloodstained altar of Trog.
 41743 | D:13     | Found an ancient bone altar of Kikubaaqudgha.
 41992 | Lair:5   | Killed Qeorph's ghost
 42015 | Lair:5   | Identified the cursed +1 trident "Venugaot" {vamp, rF+
                  | Str+3} (You found it on level 5 of the Lair of Beasts)
 42112 | Shoals:3 | Noticed Esekla's ghost (adept DsWn)
 42113 | Shoals:3 | Found the +2 robe of Vines {NoPotionHeal Regen+7}
 42131 | Shoals:3 | Killed Esekla's ghost
 42131 | Shoals:3 | Reached skill level 15 in Maces & Flails
 42138 | Shoals:3 | Identified Sif Muna's Almanac of the Birds
 42490 | Spider:3 | Killed Roxanne
 42991 | Elf:1    | Found Janoyker's Assorted Antiques.
 44430 | Elf:2    | Found a runed translucent gate.
 44430 | Elf:2    | Found a runed translucent gate.
 44430 | Elf:2    | Found a runed translucent gate.
 44452 | Elf:2    | Reached skill level 18 in Fighting
 44520 | Elf:2    | Cast into level 2 of the Abyss (+1 eveningstar of
                  | distortion)
 44520 | Abyss:2  | Found a runed translucent gate.
 44520 | Abyss:2  | Found a runed translucent gate.
 44520 | Abyss:2  | Found a runed translucent gate.
 44632 | Abyss:2  | Noticed a profane servitor
 44701 | Abyss:2  | Reached skill level 10 in Translocations
 44858 | Elf:2    | Escaped the Abyss
 45193 | Elf:2    | Noticed Azrael
 45213 | Elf:2    | Killed Azrael
 45807 | Elf:2    | Found Esuyrech's Antique Weapon Shoppe.
 46053 | Elf:3    | Entered Level 3 of the Elven Halls
 46064 | Elf:3    | Reached XP level 20. HP: 137/137 MP: 32/32
 46327 | Elf:3    | Found Eliamuf's Armour Shop.
 46735 | Elf:3    | Noticed Saint Roka
 47442 | Elf:3    | Killed Saint Roka
 47708 | Elf:3    | Identified the +4 scimitar "Gan Taepp" {elec, *Corrode
                  | Dex+4 Stlth+}
 48484 | Elf:3    | Identified the +4 ring mail of Chill Winds {rPois Str+3}
 48513 | Elf:3    | Identified the cursed +1 plate armour of the Candlemaker
                  | {*Corrode rElec Regen+}
 48513 | Elf:3    | Identified the ring of Qalohaep {rF+ MP+9 Dex+4}
 48525 | Elf:3    | Identified the amulet "Jyleurph" {Spirit rElec Str+2}
 48573 | Elf:3    | Identified the +6 tower shield of the Game of Life {rElec
                  | MR+}
 48580 | Elf:3    | Reached skill level 19 in Fighting
 48887 | Elf:3    | Identified the Volume of Assistive Ice
 48932 | Elf:3    | Found the +8 storm bow {elec, penet}
 49198 | Vaults:1 | Entered Level 1 of the Vaults
 49576 | Vaults:1 | Found a runed translucent door.
 49576 | Vaults:1 | Found a shimmering altar of Xom.
 49576 | Vaults:1 | Identified the +8 demon blade "Hellblazer" {chaos, rF+ rN+
                  | Str-5}
 49576 | Vaults:1 | Noticed Wus Hus's ghost (adept GnGl)
 49641 | Vaults:1 | Killed Wus Hus's ghost
 49642 | Vaults:1 | Identified the Tome of Doomed Bewitchment
 50050 | Vaults:1 | Learned a level 1 spell: Apportation
 50146 | Vaults:1 | Reached XP level 21. HP: 76/144 MP: 33/33
 51151 | Vaults:2 | Paralysed by an ogre mage for 5 turns
 51993 | Vaults:2 | Found a staircase to the Crypt.
 51993 | Vaults:2 | Found a basalt altar of Yredelemnul.
 51994 | Vaults:2 | Found an ancient bone altar of Kikubaaqudgha.
 52536 | Crypt:1  | Entered Level 1 of the Crypt
 52871 | Crypt:1  | Found a basalt altar of Yredelemnul.
 53045 | Crypt:1  | Paralysed by a vampire knight for 5 turns
 53059 | Crypt:1  | Reached skill level 20 in Fighting
 53302 | Crypt:2  | Found a magical portal.
 53312 | WizLab   | Entered Iskenderun's Mystic Tower
 54723 | WizLab   | Identified Iskenderun's Compendium of Arcane Weapons
 54723 | WizLab   | Identified Iskenderun's Compendium of Combat Magic
 54753 | WizLab   | Identified the Handbook of Supportive Clay
 54953 | Crypt:2  | Reached XP level 22. HP: 152/152 MP: 35/35
 55170 | Crypt:2  | Noticed Xtahua
 55199 | Crypt:2  | Killed Xtahua
 56157 | Crypt:3  | Entered Level 3 of the Crypt
 56443 | Crypt:3  | Found a basalt altar of Yredelemnul.
 56647 | Crypt:3  | Noticed Margery
 56668 | Crypt:3  | Killed Margery
 56831 | Crypt:3  | Noticed Jory
 56881 | Crypt:3  | Killed Jory
 56899 | Crypt:3  | Reached skill level 21 in Fighting
 57354 | Crypt:3  | Noticed a profane servitor
 57405 | Crypt:3  | Killed a profane servitor
 57498 | Crypt:3  | Found a staircase to the Tomb.
 57740 | Crypt:3  | Gained mutation: Your flesh is heat resistant. (rF+)
                  | [potion of mutation]
 57740 | Crypt:3  | Gained mutation: You possess an exceptional clarity of
                  | mind. [potion of mutation]
 57740 | Crypt:3  | Gained mutation: Your flesh is cold resistant. (rC+)
                  | [potion of mutation]
 57741 | Crypt:3  | Lost mutation: Your flesh is cold resistant. (rC+) [potion
                  | of mutation]
 57741 | Crypt:3  | Lost mutation: Your flesh is heat resistant. (rF+) [potion
                  | of mutation]
 57741 | Crypt:3  | Gained mutation: Your body sometimes deteriorates upon
                  | taking damage. [potion of mutation]
 57741 | Crypt:3  | Gained mutation: You are frail. (-10% HP) [potion of
                  | mutation]
 57741 | Crypt:3  | Gained mutation: You expend magic power (3 MP) to
                  | strengthen your wands. [potion of mutation]
 57741 | Crypt:3  | Gained mutation: Your skin changes colour to match your
                  | surroundings (Stealth+). [potion of mutation]
 57742 | Crypt:3  | Lost mutation: You expend magic power (3 MP) to strengthen
                  | your wands. [potion of mutation]
 57742 | Crypt:3  | Lost mutation: Your body sometimes deteriorates upon taking
                  | damage. [potion of mutation]
 57742 | Crypt:3  | Lost mutation: You are frail. (-10% HP) [potion of
                  | mutation]
 57742 | Crypt:3  | Lost mutation: You possess an exceptional clarity of mind.
                  | [potion of mutation]
 57742 | Crypt:3  | Gained mutation: You can translocate small distances at
                  | will. [potion of mutation]
 57742 | Crypt:3  | Gained mutation: You are somewhat resistant to further
                  | mutation. [potion of mutation]
 57827 | Crypt:3  | Identified a +7 sacred scourge of holy wrath (a +5 demon
                  | whip of flaming blessed by the Shining One)
 57827 | Crypt:3  | Received a gift from the Shining One
 57890 | Tomb:1   | Entered Level 1 of the Tomb of the Ancients
 58011 | Tomb:1   | Reached XP level 23. HP: 81/160 MP: 36/36
 58707 | Tomb:1   | Noticed a greater mummy
 58725 | Tomb:1   | Noticed a greater mummy
 58726 | Tomb:1   | Killed a greater mummy
 58735 | Tomb:1   | Noticed a greater mummy
 58738 | Tomb:1   | HP: 1/160 [greater mummy/divine providence (10)]
 58739 | Tomb:1   | Killed from afar by a greater mummy

Illustrated notes

Levels and vault maps discovered:
D:1:      tarquinn_simple_flora_water_f, layout_basic
D:2:      layout_loops_ring, minmay_tetromino_t2
D:3:      layout_basic, minitemple, uniq_terence
D:4:      kennysheep_six_static_rooms, layout_basic, bloody_makhleb,
          first_ration, minmay_quantized
D:5:      layout_rooms, lightli_sewer_entry_pipes
D:6:      layout_loops_ring, marbit_many_paths, grunt_gozag_statues,
          minmay_holes, uniq_blork_the_orc, uniq_menkaure, uniq_edmund
D:7:      layout_loops_corners, minmay_temple_entry_antechambers,
          nicolae_ossuary_entry_monument, uniq_joseph
D:8:      layout_rooms
D:9:      layout_loops_cross, dpeg_lair_monsters, serial_shops, shop
D:10:     layout_rooms, orc_0_dummy, serial_undead, serial_undead_a,
          serial_undead_a, serial_undead_a, serial_undead_b, serial_undead_b,
          serial_undead_d, serial_undead_c, serial_undead_f, serial_undead_b,
          serial_undead_f, david_nohive_1, nicolae_transmutations_shop,
          okawaru_trees_1
D:11:     hangedman_cross_veins, layout_cave_pools, trove_entry_hex_spiral,
          nicolae_underground_beach, uniq_josephine
D:12:     layout_irregular_city, serial_shops, nicolae_shop_stone,
          ploomutoo_gammafunk_ghost_potion_laboratory, uniq_psyche
D:13:     minmay_bad_star, layout_basic, jmf_multi_god_temple2
D:14:     layout_rooms, david_vaults_4, minmay_misc_feat_nine_boxes,
          serial_shops, shop, hangedman_abyss_or_decor_lesser_grid
D:15:     hangedman_depths_entry_civil_slaughter, layout_loops_ring,
          serial_shops, shop, shop, nicolae_shop_statue_plus, shop,
          minmay_misc_feat_four_crosses, kennysheep_kite_vault, uniq_agnes
Temple:   nicolae_temple_elliptical
Lair:1:   layout_loops_ring, serial_bayou_shore_a, lemuel_fruit_tree
Lair:2:   layout_small_grid, spider_nest_entry_a, zaba_antful_of_joy
Lair:3:   layout_gridlike, minmay_shoals_entry_beasts,
          grunt_forest_large_clearing_hut, uniq_nergalle
Lair:4:   beast_lair_carwin_large_3, layout_cave_pods
Lair:5:   dpeg_oklob_shooting_range, layout_loops_ring,
          gammafunk_ghost_hydra_chop
Lair:6:   grunt_lair_end_beastmaster, layout_layer_cave, slime_altar_1,
          lemuel_fruit_fields, uniq_kirke
Shoals:1: cheibrodos_shoals_baths, layout_shoals
Shoals:2: layout_shoals, nicolae_shoals_drake_roost
Shoals:3: layout_shoals, ebering_ghost_reflecting_pool, uniq_louise, uniq_nikola
Shoals:4: shoals_end_hangedman, layout_shoals
Spider:1: layout_chambers
Spider:2: layout_chambers, portal_ice_cave_entry_pillars_2
Spider:3: layout_spider_delve, uniq_roxanne
Spider:4: spider_rune_water
Orc:1:    layout_caves, serial_shops, shop, hangedman_minor_magic, uniq_urug
Orc:2:    st_orc_open, layout_diamond_mine
Elf:1:    layout_onion_city, serial_shops, shop, basic_altar, evilmike_minifort
Elf:2:    layout_loops_ring, serial_shops, shop, grunt_ministairs_14,
          evilmike_ambush [evilmike_ambush_outer_basic,
          evilmike_ambush_inner_basic], lemuel_elevator, uniq_azrael
Elf:3:    minmay_elf_hall_furrowed, layout_geoelf_grid, serial_shops,
          shop_statue, uniq_saint_roka
Vaults:1: ebering_vaults_ghost_xom, v_alt_pattern_6, dpeg_vaults_monster_box,
          nicolae_vaults_little_squares_1, v_misc_10, vaults_dpeg_cross,
          vaults_room_door_ring, v_rooms_1, hangedman_vaults_stretched_pinwheel,
          nicolae_vaults_yaktaur_gun_rack, vaults_room_door_ring,
          vaults_mumra_hexcomb, layout_vaults_big_room
Vaults:2: vaults_dpeg_encased_lava, hangedman_vaults_trim,
          ontoclasm_vaults_ligature, nicolae_vaults_circle_grid_a,
          v_alt_pattern_3, minmay_crypt_entry_necro_gods,
          nicolae_vaults_triangles, hangedman_vaults_locks,
          nicolae_vaults_three_branches, grunt_vaults_bifocal,
          ontoclasm_vaults_bender, v_misc_24, vaults_room_stairs_pillars,
          layout_vaults_big_cross
Vaults:3: st_greater_box_2, v_misc_32, nicolae_vaults_shelves_hall,
          nicolae_vaults_bisected_exclaves, v_misc_2,
          vaults_mumra_minichess_inversion, ontoclasm_vaults_spin, v_misc_4,
          vaults_room_pool, vaults_room_fancy_cross, layout_vaults_omnibox,
          serial_shops, shop, shop_fountains, shop
Crypt:1:  layout_chaotic_city, lemuel_mausoleum_altar_yredelemnul
Crypt:2:  layout_catacombs, mu_enter_wizlab_4, uniq_xtahua
Crypt:3:  grunt_crypt_end_deaths_head, uniq_margery
Tomb:1

Skill      XL: |  1  2  3  4  5  6  7  8  9 10 11 12 13 14 15 16 17 18 19 20 21 22 |
---------------+-------------------------------------------------------------------+-----
Fighting       | 4 5 6 7 9 10 11 12 13 14 15 16 17 18 19 20 21 | 21.6
Armour         | 4 5 6 7 9 10 11 12 13 14 15 16 17 18 | 18.1
Shields        | 4 5 6 7 9 10 11 12 13 14 15 16 17 18 19 20 | 20.3
Maces & Flails | 3 4 5 6 9 10 11 12 13 14 15 16 | 16.0
Invocations    | 1 3 5 7 8 9 11 12 13 14 15 16 17 18 | 18.9
Translocations | 2 4 6 8 10 11 13 14 | 14.2

Action                   |  1- 3 |  4- 6 |  7- 9 | 10-12 | 13-15 | 16-18 | 19-21 | 22-24 || total
-------------------------+-------+-------+-------+-------+-------+-------+-------+-------++-------
Melee: Flail             |   185 |   197 |   530 |   773 |   741 |       |   462 |   822 ||  3710
       Morningstar       |       |       |       |       |   767 |  1206 |       |       ||  1973
       Eveningstar       |       |       |       |       |       |   408 |  1243 |       ||  1651
       Sacred scourge    |       |       |       |       |       |       |       |   100 ||   100
Throw: Dart              |       |     3 |       |    13 |    12 |    32 |    22 |     2 ||    84
 Cast: Blink             |       |       |       |       |       |       |     1 |       ||     1
Invok: Divine Shield     |       |       |     2 |     2 |     5 |     6 |     4 |     1 ||    20
       Summon Divine War |       |       |       |       |     3 |     3 |     6 |     1 ||    13
       Cleansing Flame   |       |       |       |       |       |       |       |     2 ||     2
       Brand Weapon With |       |       |       |       |       |       |       |     1 ||     1
 Abil: Fly               |       |       |       |       |       |       |     1 |       ||     1
       Stop Flying       |       |       |       |       |       |       |     1 |       ||     1
       Blink             |       |       |       |       |       |       |       |     2 ||     2
Evoke: Wand              |       |       |       |       |       |    23 |       |     7 ||    30
       Phantom mirror    |       |       |       |       |       |       |     2 |       ||     2
  Use: Scroll            |       |     8 |     6 |     5 |    14 |    22 |     7 |     5 ||    67
       Potion            |       |     1 |     2 |     3 |     1 |     5 |     4 |     3 ||    19
  Eat: Chunk             |     3 |     6 |     9 |    10 |    29 |    24 |    13 |     3 ||    97
       Ration            |       |       |     2 |     2 |     6 |     8 |    10 |     3 ||    31
Armor: Scale mail        |   143 |   110 |   341 |    15 |       |       |       |       ||   609
       Plate armour      |       |       |       |   185 |       |   470 |   486 |   421 ||  1562
       Fire dragon scale |       |       |       |    46 |   600 |   457 |       |       ||  1103
Dodge: Dodged            |    94 |    62 |   186 |    79 |   233 |   324 |   142 |   121 ||  1241
Block: Kite shield       |   122 |    89 |   290 |    73 |       |       |       |       ||   574
       Tower shield      |       |       |       |   796 |  1614 |  2250 |  1669 |  1205 ||  7534
       Reflection        |       |       |       |    18 |    41 |   107 |   130 |     6 ||   302

Table legend:
 A = Non-vault XP
 B = Vault XP
 C = Vault XP percentage of total XP
 D = Non-vault monster count
 E = Vault monster count
 F = Vault count percentage of total count
                 A         B        C        D         E       F
            +---------+---------+-------+---------+---------+-------
      Total |  295462 |  427956 |  59.2 |     878 |     817 |  48.2
            +---------+---------+-------+---------+---------+-------
        D:1 |      41 |       0 |   0.0 |      22 |       0 |   0.0
        D:2 |     132 |       1 |   0.8 |      24 |       1 |   4.0
        D:3 |     147 |      36 |  19.7 |      21 |       1 |   4.5
        D:4 |     510 |     184 |  26.5 |      15 |       5 |  25.0
        D:5 |     190 |      39 |  17.0 |       5 |       6 |  54.5
        D:6 |     358 |     436 |  54.9 |      10 |       3 |  23.1
        D:7 |    1048 |     445 |  29.8 |      20 |       1 |   4.8
        D:8 |     294 |       0 |   0.0 |       5 |       0 |   0.0
        D:9 |    1749 |    2997 |  63.1 |      42 |      13 |  23.6
       D:10 |    3449 |    6836 |  66.5 |      16 |      45 |  73.8
       D:11 |    5199 |    5706 |  52.3 |      18 |      24 |  57.1
       D:12 |    6041 |   10884 |  64.3 |      27 |      19 |  41.3
       D:13 |    6747 |   11206 |  62.4 |      21 |      18 |  46.2
       D:14 |     407 |    3114 |  88.4 |       3 |       6 |  66.7
       D:15 |    9550 |   13626 |  58.8 |      21 |      21 |  50.0
     Temple |     130 |       0 |   0.0 |       1 |       0 |   0.0
     Lair:1 |    2818 |       0 |   0.0 |      16 |       0 |   0.0
     Lair:2 |    3054 |    2708 |  47.0 |      13 |      31 |  70.5
     Lair:3 |    6208 |    3201 |  34.0 |      19 |       6 |  24.0
     Lair:4 |    4400 |    4645 |  51.4 |      20 |      10 |  33.3
     Lair:5 |    3362 |    7453 |  68.9 |      12 |       7 |  36.8
     Lair:6 |    6615 |    8424 |  56.0 |      23 |      17 |  42.5
   Shoals:1 |   10440 |    2450 |  19.0 |      19 |       7 |  26.9
   Shoals:2 |   13252 |    1871 |  12.4 |      30 |       9 |  23.1
   Shoals:3 |   13881 |    7879 |  36.2 |      25 |       3 |  10.7
   Shoals:4 |   15626 |   16603 |  51.5 |      33 |      28 |  45.9
   Spider:1 |   12768 |       0 |   0.0 |      36 |       0 |   0.0
   Spider:2 |   13101 |       0 |   0.0 |      36 |       0 |   0.0
   Spider:3 |    9467 |    1579 |  14.3 |      34 |       1 |   2.9
   Spider:4 |   19800 |   18275 |  48.0 |      54 |      34 |  38.6
      Orc:1 |     346 |    7675 |  95.7 |       8 |      29 |  78.4
      Orc:2 |    3080 |    9813 |  76.1 |      17 |      25 |  59.5
      Elf:1 |   11722 |    8156 |  41.0 |      18 |      13 |  41.9
      Elf:2 |   10248 |   34736 |  77.2 |      16 |      63 |  79.7
      Elf:3 |    8175 |   47323 |  85.3 |      17 |      33 |  66.0
   Vaults:1 |   11777 |   30426 |  72.1 |      18 |      39 |  68.4
   Vaults:2 |   30248 |   11451 |  27.5 |      55 |      15 |  21.4
    Crypt:1 |   16821 |     751 |   4.3 |      30 |      12 |  28.6
    Crypt:2 |   19240 |    4855 |  20.1 |      30 |       1 |   3.2
    Crypt:3 |       0 |   88090 | 100.0 |       0 |     126 | 100.0
     Tomb:1 |    4299 |   21543 |  83.4 |      17 |      13 |  43.3
    Abyss:2 |    8722 |       0 |   0.0 |      11 |       0 |   0.0
      Sewer |       0 |     472 | 100.0 |       0 |      48 | 100.0
    Ossuary |       0 |     524 | 100.0 |       0 |      39 | 100.0
      IceCv |       0 |    1373 | 100.0 |       0 |      10 | 100.0
     WizLab |       0 |   30170 | 100.0 |       0 |      35 | 100.0
            +---------+---------+-------+---------+---------+-------
